 Dungeon Crawl Stone Soup version 0.24.1-11-gbbbb2193e6 (webtiles) character file.

Game seed: 4838293329280145116, levelgen mode: deterministic

79 Peloso the Skirmisher (level 4, 36/36 HPs)
             Began as a Demonspawn Fighter on May 14, 2020.
             Got out of the dungeon alive.
             The game lasted 00:02:46 (1165 turns).

Peloso the Skirmisher (Demonspawn Fighter)          Turns: 1165, Time: 00:02:47

Health: 36/36      AC:  7    Str: 18    XL:     4   Next: 16%
Magic:  4/4        EV:  7    Int:  9    God:
Gold:   107        SH:  9    Dex: 12    Spells: 3/3 levels left

rFire    . . .     SeeInvis .   a - +0 long sword
rCold    . . .     Gourm    +   c - +0 shield
rNeg     . . .     Faith    .   m - +0 scale mail
rPois    .         Spirit   .   (helmet restricted)
rElec    .         Reflect  .   (no cloak)
rCorr    .         Harm     .   (no gloves)
MR       .....                  (no boots)
Stlth    ..........             k - amulet of the gourmand
HPRegen  0.12/turn              (no ring)
MPRegen  0.09/turn              (no ring)

@: no status effects
A: horns 1, rugged brown scales 1
a: no special abilities


You escaped.
You were hungry.

You visited 1 branch of the dungeon, and saw 2 of its levels.

You collected 107 gold pieces.

Inventory:

Hand Weapons
 a - a +0 long sword (weapon)
 b - a +2 short sword of speed
Armour
 c - a +0 shield (worn)
 m - a +0 scale mail (worn)
Jewellery
 k - an amulet of the gourmand (around neck)
Scrolls
 e - a scroll of enchant armour {unknown}
 g - a scroll of enchant weapon {unknown}
 h - a scroll of magic mapping {unknown}
 i - a scroll of blinking {unknown}
 l - a scroll of teleportation {unknown}
 n - a scroll of remove curse {unknown}
Potions
 d - a potion of might
Comestibles
 f - 3 rations


   Skills:
 + Level 3.3 Fighting
 + Level 2.5 Long Blades
 + Level 3.2 Armour
 + Level 1.0 Dodging
 + Level 0.1 Stealth
 + Level 3.2 Shields


You had 3 spell levels left.
You didn't know any spells.
Your spell library was empty.

Dungeon Overview and Level Annotations

Branches:
Dungeon (2/15)

Altars:


Innate Abilities, Weirdness & Mutations

You have a pair of small horns on your head.
You are partially covered in rugged brown scales. (AC +1, +3% HP)


Message History

The hobgoblin hits you.
You closely miss the hobgoblin. You block the hobgoblin's attack.
You slash the hobgoblin!
You kill the hobgoblin!
(D) Dungeon
Where to? (Enter - D:12, ? - help)
What level of the Dungeon? (default 1, ? - help) HP restored.
There is an open door here.
You open the door.
There is an open door here.
A necrophage comes into view.
There is a stone staircase leading up here.
You climb upwards.
There is a stone staircase leading down here.
(D) Dungeon
Where to? (Enter - D:1 @ (x,y), ? - help)
There is a staircase leading out of the dungeon here.
Are you sure you want to leave the Dungeon?
This will make you lose the game!
You have escaped!

#####.#####.### #.###.....#
#..##.#.#.#### ##...........#
#.##.....#..# #.##8###8##.####
#........#.....#
###########..#.....#...#.##
#........##..#..@..#......##
#.######.##..#.....#.......#
#.######.##..#........##...#
#.##....†...##8###8##.##...#####
#.##.###.##..#.....#...........#
#.##.###.##................###.#
#........#######.#####.##..###.#
####.##### ##'## #.........# #.#
##...## ####.######


There were no monsters in sight!

Vanquished Creatures
  A howler monkey (D:2)
  2 dart slugs
  A leopard gecko (D:2)
  3 giant cockroaches
  5 hobgoblins
  6 kobolds
  3 bats (D:1)
  5 frilled lizards
  4 goblins
  7 rats
37 creatures vanquished.

Notes
Turn   | Place    | Note
-------+----------+-------------------------------------------
     0 | D:1      | Peloso the Demonspawn Fighter began the quest for the Orb.
     0 | D:1      | Reached XP level 1. HP: 18/18 MP: 1/1
    92 | D:1      | Gained mutation: You are partially covered in rugged brown
                  | scales. (AC +1, +3% HP) [demonic ancestry]
    92 | D:1      | Reached XP level 2. HP: 18/24 MP: 2/2
   841 | D:2      | Reached XP level 3. HP: 21/29 MP: 3/3
  1102 | D:2      | Reached skill level 1 in Dodging
  1102 | D:2      | Gained mutation: You have a pair of small horns on your
                  | head. [demonic ancestry]
  1102 | D:2      | Reached XP level 4. HP: 36/36 MP: 4/4
  1123 | D:2      | Noticed a necrophage
  1165 | D:$      | Got out of the dungeon alive.

Levels and vault maps discovered:
D:1:      scummos_arrival_simple_crosswalls, layout_loops_corners
D:2:      layout_loops_corners

Skill      XL: |  1  2  3 |
---------------+----------+-----
Shields        | 3 |  3.2
Armour         | 3 |  3.2
Long Blades    | 2 |  2.5
Dodging        | 1 |  1.0
Fighting       | |  3.3
Stealth        | |  0.1

Action                   |  1- 3 |  4- 6 || total
-------------------------+-------+-------++-------
Melee: Long sword        |    86 |     2 ||    88
  Use: Potion            |     2 |       ||     2
Armor: Scale mail        |    32 |       ||    32
Dodge: Dodged            |    35 |       ||    35
Block: Shield            |    40 |     1 ||    41
       Rpst.: Long sword |    13 |       ||    13
